 Dungeon Crawl Stone Soup version 0.21.0-24-g2553a33 (webtiles) character file.

63 Gorglomux the Ducker (level 3, -8/29 HPs)
             Began as a Minotaur Air Elementalist on Jan 20, 2018.
             Mangled by an orc
             ... wielding a +2 mace of holy wrath
              (10 damage)
             ... on level 3 of the Dungeon.
             The game lasted 00:01:08 (1913 turns).

Gorglomux the Ducker (Minotaur Air Elementalist)    Turns: 1913, Time: 00:01:09

Health: -8/29      AC:  6    Str: 15 (18) XL:     3   Next: 89%
Magic:  4/4        EV: 12    Int: 15 (17) God:
Gold:   86         SH:  0    Dex:  7 (10) Spells: 3/4 levels left

rFire    . . .     SeeInvis .   n - -2 war axe (curse)
rCold    . . .     Gourm    .   (no shield)
rNeg     . . .     Faith    .   a - +0 robe
rPois    .         Spirit   .   (helmet restricted)
rElec    .         Reflect  .   (no cloak)
rCorr    .         Harm     .   (no gloves)
MR       .....                  (no boots)
Stlth    +.........             (no amulet)
HPRegen  0.09/turn              (no ring)
MPRegen  0.09/turn              (no ring)

@: mighty, brilliant
A: retaliatory headbutt, horns 2, icy blue scales 1, molten scales 1
a: no special abilities


You were on level 3 of the Dungeon.
You were not hungry.

You visited 1 branch of the dungeon, and saw 3 of its levels.

You collected 86 gold pieces.

Inventory:

Hand Weapons
 f - a +0 spear
 n - a cursed -2 war axe (weapon)
Armour
 a - a +0 robe (worn)
Scrolls
 h - 4 scrolls of identify {unknown}
 i - 3 scrolls of teleportation {unknown}
Potions
 j - a potion of lignification {unknown}
 l - a potion of brilliance
 q - a potion of might
Books
 b - a book of Air

   Spells                             Type                      Level
   a - Shock                          Conjuration/Air              1
   b - Swiftness                      Charms/Air                   2
   c - Static Discharge               Conjuration/Air              3
   d - Airstrike                      Air                          4
   e - Lightning Bolt                 Conjuration/Air              5
Comestibles
 c - 8 rations


   Skills:
 - Level 2.0 Fighting
 + Level 2.0 Axes
 - Level 2.0 Armour
 - Level 2.9 Dodging
 - Level 1.5 Stealth
 - Level 1.3 Spellcasting
 - Level 0.6 Conjurations
 - Level 2.1 Air Magic


You had 3 spell levels left.
You knew the following spells:

 Your Spells              Type           Power        Failure   Level  Hunger
a - Shock                 Conj/Air       ##..         1%          1    ##.....


Dungeon Overview and Level Annotations

Branches:
Dungeon (3/15)

Altars:


Innate Abilities, Weirdness & Mutations

You reflexively headbutt those who attack you in melee.
You have a pair of horns on your head.
You are partially covered in icy blue scales. (AC +2)
You are partially covered in molten scales. (AC +2)


Message History

The orc misses you! You furiously retaliate!!!
You headbutt the orc!!!
You annihilate the orc!!!
Your Axes skill increases to level 2!!!
The orc hits you but does no damage!
The orc hits you with a mace of holy wrath! * * * don't die
* * * Unknown command!
Unknown command!
It was a butt of degeneration!
There was something very wrong with that liquid!
You feel weakened!
You feel butt!
You butt clumsy!
The orc wizard barely misses butt!
The orc closely misses you! The orc barely misses you!
It was a potion of might!
You feel very mighty all of a sudden!
The orc wizard hits you with a dagger! * * * don't die
* * * The orc barely butts you!
The orc hits you with a mace of holy wrath!!! rip

#.#........##
#...$.......# .
.###.........?.### ..
................#...
#.............$....
#............#....(
#.........†oo......
##.#.......@oo.....
.#####..........r#......
........................
#......##########......
#.#...).<.# ..#.##
#.......# .....
#.......# .....
######### ...


You could see an orc wizard, 3 orcs and a rat.

Vanquished Creatures
  A worm (D:2)
  2 dart slugs (D:1)
  2 leopard geckos
  An orc (D:3)
  5 giant cockroaches
  5 goblins
  7 hobgoblins (D:1)
  2 quokkas (D:2)
  9 bats
  6 frilled lizards
  5 kobolds
  8 rats
53 creatures vanquished.

Notes
Turn   | Place    | Note
-------+----------+-------------------------------------------
     0 | D:1      | Gorglomux the Minotaur Air Elementalist began the quest for the Orb.
     0 | D:1      | Reached XP level 1. HP: 14/14 MP: 1/1
   434 | D:1      | Reached skill level 1 in Armour
   442 | D:1      | Reached skill level 1 in Fighting
   442 | D:1      | Reached XP level 2. HP: 20/23 MP: 3/3
   810 | D:1      | Reached XP level 3. HP: 28/29 MP: 4/4
  1259 | D:2      | Reached skill level 1 in Axes
  1909 | D:3      | Gained mutation: You are partially covered in molten scales. (AC +2) [potion of mutation]
  1909 | D:3      | Gained mutation: You are partially covered in icy blue scales. (AC +2) [potion of mutation]
  1913 | D:3      | Mangled by an orc

Skill      XL: |  1  2  3 |
---------------+----------+-----
Armour         | 1 2 |  2.0
Fighting       | 1 2 |  2.0
Axes           | 2 |  2.0
Dodging        | |  2.9
Stealth        | |  1.5
Spellcasting   | |  1.3
Conjurations   | |  0.6
Air Magic      | |  2.1

Action                   || total
-------------------------++-------
Melee: Unarmed           ||    17
       Spear             ||    81
       Headbutt          ||    11
       War axe           ||    50
  Use: Potion            ||     5
 Stab: Sleeping          ||     5
  Eat: Chunk             ||     3
Armor: Robe              ||    43
Dodge: Dodged            ||   105
